 Dungeon Crawl Stone Soup version 0.32-a0-841-g4648e6c457 (webtiles) character file.

Game seed: 14812482542428906559

27 Dordric the Cudgeller (level 3, -1/36 HPs)
             Began as an Oni Gladiator on Mar 27, 2024.
             Slain by a goblin
             ... wielding a +0 club
             ... led by Robin
              (4 damage)
             ... on level 2 of the Dungeon.
             The game lasted 00:00:45 (838 turns).

Dordric the Cudgeller (Oni Gladiator)                Turns: 838, Time: 00:00:46

Health: -1/36      AC:  4    Str: 20    XL:     3   Next: 10%
Magic:  3/3        EV:  9    Int:  9    God:
Gold:   52         SH:  0    Dex: 10    Spells: 2/2 levels left

rFire   . . .        a - +0 flail
rCold   . . .        (no shield)
rNeg    . . .        b - +0 robe
rPois   .            c - +0 hat
rElec   .            l - +0 cloak
rCorr   .            (gloves unavailable)
SInv    .            (boots unavailable)
Will    .....        (no amulet)
Stlth   +            (no ring)
HPRegen 0.26/turn    (no ring)
MPRegen 0.08/turn

%: no passive effects
@: attractive
A: large, unfitting armour, horns 1, tough skin 1, double potion healing,
drunken brawling
a: no special abilities


You were on level 2 of the Dungeon.
You visited 1 branch of the dungeon, and saw 2 of its levels.

You collected 52 gold pieces.

Inventory:

Hand Weapons
 a - a +0 flail (weapon)
Missiles
 d - 3 throwing nets (quivered)
 e - a large rock
Armour
 b - a +0 robe (worn)
 c - a +0 hat (worn)
 l - a +0 cloak (worn)
Jewellery
 n - a ring of protection from fire
Scrolls
 f - a scroll of silence {unknown}
 j - a scroll of enchant weapon {unknown}
 k - a scroll of poison {unknown}
 m - a scroll of teleportation {unknown}
Potions
 g - a potion of brilliance {unknown}
 h - a potion of attraction
 i - a potion of curing {unknown}


   Skills:
 - Level 2.6 Fighting
 + Level 4.2 Maces & Flails
 - Level 2.0 Throwing
 - Level 2.6 Dodging


You had 2 spell levels left.
You didn't know any spells.
Your spell library was empty.

Dungeon Overview and Level Annotations

Branches:
Dungeon (2/15)

Altars:

Annotations:
D:2 Robin


Innate Abilities, Weirdness & Mutations

You are too large for most types of armour.
You have a pair of small horns on your head.
You have tough skin. (AC +1)
You gain doubled healing and magic from potions.
Whenever you drink a healing potion, you attack all around you.


Message History

2 goblins come into view.
The hobgoblin shouts!
Robin of the Strong Arm comes into view.
They are wielding a +0 spear.
A hobgoblin and a goblin come into view.
Found a stone staircase leading down.
The hobgoblin shouts!
The goblin shouts! x3
A goblin comes into view. It is wielding a +0 dagger.
A ball python comes into view.
The ball python hisses angrily.
The goblin barely misses you. Robin throws the goblin at you!
You barely miss the hobgoblin. The goblin hits you with a +0 dagger.
The hobgoblin hits you. The goblin hits you but does no damage.
Robin roars a battlecry!
The goblins go into a battle-frenzy!
The goblin hits you but does no damage.
You completely miss the goblin.
The goblin hits you with a +0 dagger. x2
The hobgoblin barely misses you. The goblin barely misses you.
The goblin hits you with a +0 dagger. The goblin hits you with a +0 club.
You barely miss the goblin. Your headbutt misses the goblin.
The goblin hits you but does no damage. x3; The hobgoblin closely misses you.
The goblin barely misses you. The goblin hits you but does no damage.
You closely miss the goblin. You headbutt the goblin.
The goblin is moderately wounded.
The goblin barely misses you. The goblin hits you with a +0 dagger.
The goblin closely misses you. The goblin hits you with a +0 club.
The hobgoblin misses you. The goblin closely misses you. x3
The goblin hits you but does no damage. The goblin hits you with a +0 dagger.
The hobgoblin hits you but does no damage.
The goblin hits you with a +0 dagger.
* * * LOW HITPOINT WARNING * * *
It was a potion of attraction.
You feel attractive to monsters. The goblin hits you with a +0 dagger.
* * * LOW HITPOINT WARNING * * *
The goblin hits you with a +0 dagger.
* * * LOW HITPOINT WARNING * * *
The hobgoblin hits you.
* * * LOW HITPOINT WARNING * * *
The goblin closely misses you. The goblin hits you with a +0 club.
You die...

....... ...# ....>
.#...#
.....#.....###
.............
......#....###.
.......S.g....#
#..gggg.#
#gg@gg.###.
###gg......
#.......# #.###..#
#.......#
..#)..#####....).##
...#.##.......###
#..#.##......##
#..#.##......###.
#..#.##..........#


You could see Robin, 2 hobgoblins, 8 goblins and a ball python.

Vanquished Creatures
  An adder (D:2)
  A dart slug (D:1)
  A bat (D:1)
  2 endoplasms (D:1)
  A giant cockroach (D:1)
  A goblin (D:1)
  3 hobgoblins
  A kobold (D:1)
  A quokka (D:1)
  A ball python (D:1)
  A rat (D:1)
14 creatures vanquished.

Notes
Turn   | Place    | Note
-------+----------+-------------------------------------------
     0 | D:1      | Dordric the Oni Gladiator began the quest for the Orb.
     0 | D:1      | Reached XP level 1. HP: 22/22 MP: 1/1
   259 | D:1      | Reached XP level 2. HP: 20/29 MP: 2/2
   759 | D:2      | Reached skill level 4 in Maces & Flails
   759 | D:2      | Reached XP level 3. HP: 19/36 MP: 3/3
   831 | D:2      | Noticed Robin
   838 | D:2      | Slain by a goblin

Illustrated notes

Levels and vault maps discovered:
D:1:      heliophobic_arrival_glass_houses, layout_rooms
D:2:      layout_rooms, hellmonk_ecumenical_altar_crossroads, uniq_robin

Skill      XL: |  1  2 |
---------------+-------+-----
Maces & Flails | 4 |  4.2
Fighting       | |  2.6
Throwing       | |  2.0
Dodging        | |  2.6

Action                     || total
---------------------------++-------
  Melee: Flail             ||    51
         Headbutt          ||     4
    Use: Potion            ||     1
 Armour: Robe              ||    58
  Dodge: Dodged            ||    35

Table legend: (Time is in decaauts)
 A = Elapsed time spent in this place.
 B = Non-inter-level travel time spent in this place.
 C = Inter-level travel time spent in this place.
 D = Time resting spent in this place.
 E = Time spent auto-exploring this place.
 F = Levels seen in this place.
 G = Mean time per level.
                   A        B        C        D        E       F      G
               +--------+--------+--------+--------+--------+-----+--------+
         Total |    849 |    782 |     67 |      0 |    653 |   2 |  424.5 |
       Dungeon |    849 |    782 |     67 |      0 |    653 |   2 |  424.5 |
               +--------+--------+--------+--------+--------+-----+--------+

Top non-repeatable levels by time:
     D:1: 752 daAuts
     D:2: 96 daAuts
